 Dungeon Crawl Stone Soup version 0.19.4-9-g45fd643 (webtiles) character file.

1777 Chiseanne the Skirmisher (level 8, -8/63 HPs)
             Began as a Demonspawn Wanderer on Feb 21, 2017.
             Was an Initiate of Gozag.
             Shot with a sling bullet by Joseph (14 damage)
             ... on level 7 of the Dungeon.
             The game lasted 00:38:13 (8474 turns).

Chiseanne the Skirmisher (Demonspawn Wanderer)      Turns: 8474, Time: 00:38:14

Health: -8/63      AC: 12    Str: 18    XL:     8   Next: 81%
Magic:  0/15       EV: 13    Int: 15    God:    Gozag
Gold:   665        SH:  0    Dex: 13    Spells: 2 memorised, 11 levels left

rFire  . . .     SeeInvis .     a - +1 falchion (protect)
rCold  . . .     Gourm    .     b - +1 ring mail
rNeg   + . .     Faith    .     (no shield)
rPois  .         Spirit   +     (no helmet)
rElec  .         Reflect  .     y - +2 cloak
rCorr  +         Harm     .     (no gloves)
MR     .....                    (no boots)
Stlth  +.........               g - amulet of guardian spirit
                                u - ring of positive energy
                                q - ring of resist corrosion

@: mighty, very slightly contaminated
A: talons 2, molten scales 1, powered by pain 1
a: Potion Petition, Call Merchant, Bribe Branch, Renounce Religion


You were on level 7 of the Dungeon.
You worshipped Gozag.
Gozag was pleased with you.
You were not hungry.

You visited 2 branches of the dungeon, and saw 8 of its levels.

You collected 728 gold pieces.
You paid 63 gold pieces to Gozag.

Inventory:

Hand Weapons
 a - a +1 falchion of protection (weapon)
 e - a +1 trident of piercing
 s - a +3 hand axe
Missiles
 h - 160 stones
 k - 21 sling bullets
 p - 9 poisoned needles
 t - a throwing net (quivered)
 x - 153 arrows
 D - 13 bolts
Armour
 b - a +1 ring mail (worn)
 y - a +2 cloak (worn)
Jewellery
 g - an amulet of guardian spirit (around neck)
 o - an uncursed amulet of regeneration
 q - a ring of resist corrosion (left hand)
 u - a ring of positive energy (right hand)
 w - an uncursed ring of fire
Wands
 F - a wand of digging (8/24)
Scrolls
 m - a scroll of immolation
 n - a scroll of identify
 A - a scroll of remove curse
 B - 2 scrolls of recharging
 G - a scroll of fear
Potions
 f - 2 potions of cure mutation
 z - a potion of flight
Books
 c - a Young Poisoner's Handbook

   Spells                             Type                      Level
   a - Sting                          Conjuration/Poison           1
   b - Mephitic Cloud                 Conjuration/Poison/Air       3
   c - Olgreb's Toxic Radiance        Poison                       4
   d - Alistair's Intoxication        Transmutation/Poison         5
   e - Venom Bolt                     Conjuration/Poison           5
 i - a book of the Warp

   Spells                             Type                      Level
   a - Gell's Gravitas                Hexes/Translocation          3
   b - Portal Projectile              Translocation                3
   c - Force Lance                    Conjuration/Translocation    4
   d - Dispersal                      Translocation                6
   e - Controlled Blink               Translocation                8
   f - Disjunction                    Translocation                8
 r - a book of Changes

   Spells                             Type                      Level
   a - Beastly Appendage              Transmutation                1
   b - Sticks to Snakes               Transmutation                2
   c - Spider Form                    Transmutation/Poison         3
   d - Ice Form                       Ice/Transmutation            4
   e - Blade Hands                    Transmutation                5
 v - a book of Maledictions

   Spells                             Type                      Level
   a - Corona                         Hexes                        1
   b - Ensorcelled Hibernation        Hexes/Ice                    2
   c - Confuse                        Hexes                        3
   d - Tukima's Dance                 Hexes                        3
   e - Dazzling Spray                 Conjuration/Hexes            3
Comestibles
 d - 2 bread rations
 j - 2 chunks of flesh
 H - a meat ration


   Skills:
 - Level 5.6 Fighting
 * Level 2.4 Long Blades
 - Level 1.0(1.2) Axes
   Level 1.0(1.2) Maces & Flails
 - Level 1.0 Throwing
 * Level 4.4 Armour
 * Level 4.3 Dodging
 - Level 1.0 Stealth
 * Level 4.7 Spellcasting
   Level 1.1 Necromancy
 * Level 4.0 Translocations
 - Level 2.0 Poison Magic


You had 11 spell levels left.
You knew the following spells:

 Your Spells              Type           Power        Failure   Level  Hunger
a - Sting                 Conj/Pois      #...         21%         1    None
b - Force Lance           Conj/Tloc      #.......     95%         4    ####...


Dungeon Overview and Level Annotations

Branches:
Dungeon (7/15)             Temple (1/1) D:4

Altars:
Ashenzari
Cheibriados
Dithmenos
Elyvilon
Fedhas
Gozag
Hepliaklqana
Kikubaaqudgha
Makhleb
Nemelex Xobeh
Okawaru
Qazlal
Sif Muna
Vehumet
Xom
Yredelemnul
Zin

Annotations:
D:7 Joseph, Pikel


Innate Abilities, Weirdness & Mutations

You have razor-sharp toenails.
You are partially covered in molten scales. (AC +2)
You sometimes gain a little power by taking damage.


Message History

Confirm with . or Enter, or press ? or * to list all spells.
You don't have enough magic to cast that spell.
Okay, then.
As you read the scroll of teleportation, it crumbles to dust.
You feel strangely unstable.
The orc warrior hits you from afar with a halberd!
* * * LOW HITPOINT WARNING * * *
Your surroundings suddenly seem different.
Joseph, a Mercenary comes into view.
He is wielding a quarterstaff of crushing.
Joseph shouts!
A centaur comes into view.
The centaur shouts!
Pikel shouts!
The centaur wields a shortbow.
The centaur shoots an arrow.
The arrow hits you but does no damage.
Pikel zaps a wand.
Nothing appears to happen.
Joseph unwields an uncursed quarterstaff of crushing.
Joseph wields a hunting sling.
Joseph shoots a sling bullet.
The sling bullet hits you!
You die...
Your body crumbles into a pile of gold.

####..........#
.....K........#
....#.........#
..@.......c..$# $
..............z
#............
..........#
.......@..#
.............#
###............
...............
#..............
#..............
#...............
#................##
##.<.........#.#...#


You could see Joseph, Pikel, a centaur and a wight (wandering).

Vanquished Creatures
  An orc warrior (D:5)
  A phantom (D:4)
  2 ogres
  4 slaves (D:6)
  3 centaurs (D:5)
  2 bullfrogs (D:6)
  2 howler monkeys
  4 crimson imps
  2 jellies (D:5)
  3 orc priests
  3 hounds
  2 iguanas
  Jessica (D:2)
  5 orc wizards
  7 worker ants
  A hound zombie (D:6)
  A hound skeleton (D:5)
  A worker ant zombie (D:5)
  7 adders
  A shadow imp (D:6)
  An ooze (D:7)
  An adder zombie (D:5)
  A worm (D:3)
  2 adder skeletons (D:4)
  5 dart slugs
  22 orcs
  A ball python (D:3)
  4 giant cockroaches
  6 goblins
  9 hobgoblins
  5 jackals
  3 quokkas
  6 bats
  5 frilled lizards
  A jackal zombie (D:5)
  8 kobolds
  12 rats
145 creatures vanquished.

Notes
Turn   | Place    | Note
-------+----------+-------------------------------------------
     0 | D:1      | Chiseanne the Demonspawn Wanderer began the quest for the Orb.
     0 | D:1      | Chiseanne set off with: a Young Poisoner's Handbook, a +0 ring mail, a +0 mace, a bread ration
     0 | D:1      | Reached XP level 1. HP: 19/19 MP: 1/1
    78 | D:1      | Reached skill level 1 in Dodging
    78 | D:1      | Gained mutation: You are partially covered in molten scales. (AC +2) [demonic ancestry]
    78 | D:1      | Reached XP level 2. HP: 22/25 MP: 2/2
   205 | D:1      | Learned a level 1 spell: Sting
   479 | D:2      | Reached skill level 1 in Armour
   494 | D:2      | Noticed Jessica
   519 | D:2      | Gained mutation: You have sharp toenails. [demonic ancestry]
   519 | D:2      | Reached XP level 3. HP: 27/30 MP: 1/3
   673 | D:2      | Killed Jessica
   917 | D:2      | Reached skill level 1 in Spellcasting
   917 | D:2      | Reached XP level 4. HP: 4/38 MP: 0/5
   927 | D:2      | HP: 2/57 [poisoned by an adder]
  1242 | D:2      | Learned a level 4 spell: Force Lance
  2624 | D:4      | Noticed an ogre
  2645 | D:3      | Killed an ogre
  2645 | D:3      | Reached skill level 1 in Translocations
  2645 | D:3      | Reached XP level 5. HP: 30/43 MP: 4/7
  2902 | D:3      | Reached skill level 5 in Fighting
  2902 | D:3      | Reached XP level 6. HP: 44/51 MP: 9/9
  3518 | D:4      | Gained mutation: You sometimes gain a little power by taking damage. [demonic ancestry]
  3518 | D:4      | Reached XP level 7. HP: 53/56 MP: 9/11
  3697 | D:4      | Found a staircase to the Ecumenical Temple.
  3726 | Temple   | Entered the Ecumenical Temple
  3807 | Temple   | Became a worshipper of Gozag Ym Sagoz the Greedy
  4093 | D:5      | Entered Level 5 of the Dungeon
  4668 | D:5      | Reached skill level 1 in Axes
  4830 | D:5      | Reached XP level 8. HP: 49/63 MP: 10/13
  5002 | D:5      | Chiseanne: heya
  5004 | D:5      | Wingboner: Sup/
  5005 | D:5      | Wingboner: http://s-z.org/neil/git/?p=crawl.git;a=commit;h=d40821f382ad88ce220cf71294a4421e84cef27d
  5005 | D:5      | Chiseanne: hmm
  5005 | D:5      | Chiseanne: I dunno..sounds about right to scale it with str/dex
  5005 | D:5      | Chiseanne: whats the problem with that?
  5121 | D:5      | Wingboner: They've been oversimplifying the game for ages now.
  5138 | D:5      | Wingboner: Str weight was a decent thing too...
  5138 | D:5      | Chiseanne: oh so this is actually a change already in place?
  5138 | D:5      | Wingboner: Now str => damage and dex => attack for any weapon.
  5138 | D:5      | Wingboner: Well, yeah.
  5138 | D:5      | Chiseanne: yes I know that one
  5138 | D:5      | Chiseanne: thats not bad or is it?
  5138 | D:5      | Wingboner: That's boring.
  5138 | D:5      | Chiseanne: really? I think its logical
  5138 | D:5      | Chiseanne: how yould you like it better then?
  5155 | D:5      | Wingboner: I mean the current state is boring.
  5171 | D:5      | Wingboner: Str weight was better.
  5172 | D:5      | Chiseanne: what do you mean? can you please specify more?
  5172 | D:5      | Wingboner: So with heavy weapons you got 100% of damage from str and with quickblade you got half dex into your damage.
  5172 | D:5      | Chiseanne: I dont get it
  5172 | D:5      | Chiseanne: ah ok
  5172 | D:5      | Chiseanne: so you liked that better?
  5172 | D:5      | Wingboner: Yeah.
  5172 | D:5      | Wingboner: And you could choose either demon whip or eveningstar depending on your stat build.
  5172 | D:5      | Chiseanne: hmm Im not sure..I like both ideas..even tho I am a little bit more biased twoward str=dmg, dex=att
  5172 | D:5      | Chiseanne: I know that from other systems too
  5172 | D:5      | Wingboner: Well, at least now low str felid can HULK SMASH too.
  5172 | D:5      | Chiseanne: and you still can pick wich one is better for your built isnt it?
  5172 | D:5      | Chiseanne: yeah they hit a lot and also ev gets up..so for weaker chars this is great actually
  5172 | D:5      | Wingboner: Nah, now every weapon gets same str bonus, so you just grab the one that's higher on the scale.
  5172 | D:5      | Wingboner: Boring.
  5172 | D:5      | Chiseanne: hmm
  5172 | D:5      | Chiseanne: you get dm from str tight?
  5172 | D:5      | Wingboner: Yeah.
  5172 | D:5      | Chiseanne: right
  5172 | D:5      | Chiseanne: so..whats the point?
  5172 | D:5      | Wingboner: The point is it was an interesting quirk before and now it's no more.
  5172 | D:5      | Wingboner: Meh, whatever.
  5172 | D:5      | Chiseanne: but you still do little dmg with , say quickblade and just hit better while yoou do more dmg with heavier weapons
  5172 | D:5      | Chiseanne: but hit less
  5172 | D:5      | Chiseanne: or am I wrong here?
  5309 | D:5      | Chiseanne: and yeah they tend to oversimplify things here a lot
  5309 | D:5      | Wingboner: Now you do less damage with a quickblade than before. Because if you want to use it in most cases you have a lot of dex and not that much str.
  5309 | D:5      | Chiseanne: still sad about the merge of att/dmg bonuses
  5309 | D:5      | Wingboner: And you tend to suck with your GSC in earlygame because you don't have enough dex...
  5309 | D:5      | Chiseanne: yeah ok
  5309 | D:5      | Wingboner: Heh. Racial gear, item destruction, levitation/controlled flight...
  5309 | D:5      | Wingboner: All the useful wands, disc of storms, this can go on for ages.
  5309 | D:5      | Chiseanne: yeah..Im not really happy about the dev. but what can you do ?!
  5309 | D:5      | Chiseanne: what? did they remove disc of storms?
  5309 | D:5      | Chiseanne: no way!
  5309 | D:5      | Chiseanne: but we all know where this is going to ! in the end there will be only one weapon, called THE WEAPON! and only one armour THE ARMOUR!
  5309 | D:5      | Wingboner: Well, yeah. And all the rods. The one thing that remained is lightning rod, that is like disc of storms but and exp evoker now, 4 charges only recharged by exp.
  5309 | D:5      | Chiseanne: HAHA
  5309 | D:5      | Chiseanne: yeah Ive seen that..SUCKS
  5309 | D:5      | Wingboner: *an exp evoker
  5309 | D:5      | Wingboner: Yeah.
  5309 | D:5      | Wingboner: Wands of invis, tele, heal, haste are no more.
  5309 | D:5      | Chiseanne: I dont know what they are smoking but I guess I will stop playing soon..it sucks more with every realease now
  5309 | D:5      | Wingboner: Wands of disint no longer break walls or statues.
  5309 | D:5      | Chiseanne: OMG they are destroying the game
  5309 | D:5      | Wingboner: Random wands don't have digging.
  5309 | D:5      | Wingboner: Well, I mostly play 0.14.2
  5309 | D:5      | Chiseanne: aye figured...really I stopped playing the trunk version..it stinks
  5309 | D:5      | Wingboner: It has most of the things I like.
  5309 | D:5      | Chiseanne: the rotten food is stupid tho haha
  5309 | D:5      | Chiseanne: but true
  5309 | D:5      | Wingboner: Also started a fork, re-added Stalkers and MD in there, but then burned out: takes too much time for one person.
  5309 | D:5      | Chiseanne: they are only developing this from a totally technical viewpoint..I guess none of the devs is/was a rpg player
  5309 | D:5      | Chiseanne: you started a fork? srsly?
  5319 | D:5      | Wingboner: Yeah, as I've said.
  5328 | D:5      | Wingboner: https://i.4cdn.org/vg/1487703681300.png
  5328 | D:5      | Wingboner: >Just a fish, I can safely tab it... Right?
  5328 | D:5      | Chiseanne: Your IP or IP range is blocked from accessing 4chan.
  5328 | D:5      | Wingboner: Whoops/
  5328 | D:5      | Wingboner: https://2ch.hk/vg/src/21163202/14877035030590.png
  5328 | D:5      | Wingboner: Does this one work?
  5328 | D:5      | Chiseanne: aye
  5328 | D:5      | Chiseanne: the big gish goes berserk :D
  5328 | D:5      | Chiseanne: fish
  5328 | D:5      | Wingboner: And then it got cloned.
  5328 | D:5      | Wingboner: So I got 2x berserk fish.
  5328 | D:5      | Chiseanne: duplicated ! wth? lol
  5328 | D:5      | Wingboner: Chaos!
  5328 | D:5      | Chiseanne: totally ! sounds like a fun game haha
  5328 | D:5      | Wingboner: Yeah, it was.
  5328 | D:5      | Chiseanne: that was the end of the story right?
  5328 | D:5      | Wingboner: Nah, managed to escape.
  5328 | D:5      | Wingboner: !lg xenobreeder kogl
  5328 | D:5      | beem: 14. casual the Cruncher (L10 KoGl of Cheibriados), mangled by an orc knight (a +0,+0 long sword) (kmap: lemuel_castle_with_subvaults; lemuel_castle_interior_original) on D:7 on 2017-02-21 19:10:20, with 3461 points after 10915 turns and 0:23:07.
  5328 | D:5      | Wingboner: Died later after some unlucky teleports.
  5328 | D:5      | Chiseanne: meh yeah that sucks..you get ported into bad positions almost any time
  5328 | D:5      | Chiseanne: or just a tile away ....
  5394 | D:5      | Found a burning altar of Makhleb.
  5565 | D:5      | Chiseanne: man this is a weird start
  5565 | D:5      | Chiseanne: lotsa books
  5565 | D:5      | Chiseanne: but fighter muts
  5604 | D:6      | Reached skill level 1 in Long Blades
  5836 | D:6      | Found a deep blue altar of Sif Muna.
  5862 | D:6      | Wingboner: &dump chiseanne
  5876 | D:6      | beem: http://CRAWL.XTAHUA.COM/crawl/morgue/Chiseanne/Chiseanne.txt
  5967 | D:6      | Wingboner: IIRC powered by pain can grant brilliance and restore mana.
  5975 | D:6      | Chiseanne: yes it can do that too
  5975 | D:6      | Chiseanne: look! controlled blink
  5975 | D:6      | Wingboner: Talons are just a normal body slot tax... And rF scales are decent for anyone.
  5975 | D:6      | Chiseanne: I bet I can use it in about...hm 8 hours from now on..if I survive that long ;-P
  6106 | D:6      | Noticed Pikel
  6107 | D:6      | Wingboner: In 8 hours you can probably max all the skills.
  6131 | D:6      | Wingboner: !lg xenobreeder won s=dur
  6135 | D:6      | beem: 89 games for xenobreeder (won): 2x 5:50:33, 6:58:06, 3:03:55, 3:14:42, 3:17:32, 3:21:24, 3:25:49, 3:29:54, 3:33:29, 3:41:36, 3:44:22, 3:45:53, 3:48:37, 3:48:45, 3:52:07, 3:52:11, 3:53:06, 4:00:04, 4:00:08, 4:02:19, 4:02:34, 4:03:25, 4:04:17, 4:05:52, 4:10:29, 4:11:02, 4:11:04, 4:14:16, 4:16:25, 4:23:25, 4:26:02, 4:27:57, 4:30:19, 4:34:26, 4:37:10, 4:42:33, 4:42:56, 4:44:34, 4:44:55, 4:49:18, 4:5...
  6147 | D:6      | Wingboner: Huh, two of my games were exactly 5:50:33 long.
  6147 | D:6      | Chiseanne: hmm so you are a gaming genius whith perfect timing?
  6156 | D:7      | Found a glowing silver altar of Zin.
  6291 | D:7      | Wingboner: Kek, no.
  6298 | D:7      | Wingboner: I'm just a casual player.
  6298 | D:7      | Chiseanne: ;-)
  6497 | D:7      | Chiseanne: probably an arror then
  6736 | D:6      | Chiseanne: what did they do to sting? doenst do much anymore
  6767 | D:5      | HP: 1/63 [orc warrior/long sword (14)]
  6825 | D:5      | Wingboner: Just a normal coincidence with lots of games. I bet you have them too.
  7005 | D:5      | Wingboner: They've added a new level 2 poison spell.
  7005 | D:5      | Chiseanne: no idea
  7005 | D:5      | Wingboner: It ROCKS.
  7005 | D:5      | Wingboner: Made VM great again.
  7005 | D:5      | Chiseanne: sting was pretty good before now it doesnt do shit
  7159 | D:5      | Gained mutation: You have razor-sharp toenails. [potion of beneficial mutation]
  7160 | D:5      | Wingboner: Well it's just a level 1 spell. You use it till level 2, then grab the new spell and destroy everything succeptible to poison.
  7171 | D:5      | HP: 1/63 [orc warrior/long sword (9)]
  7185 | D:5      | Wingboner: Yay.
  7185 | D:5      | Wingboner: That was close.
  7185 | D:5      | Chiseanne: yeah.
  7185 | D:5      | Wingboner: ??poisonous vapors
  7185 | D:5      | beem: poisonous vapors ~ poisonous vapours[1/2]: New L2 Poison/Air spell in trunk, found in the Young Poisoner's Handbook. Smite-targeted attack spell that creates a single-tile, short-lived poisonous cloud under the target.
  7185 | D:5      | Chiseanne: sting lasts for a turn or so
  7185 | D:5      | Wingboner: This ^ wrecks earyl game
  7185 | D:5      | Wingboner: *early
  7185 | D:5      | Chiseanne: ok
  7185 | D:5      | Wingboner: ??poisonous vapors[2
  7185 | D:5      | Chiseanne: Im not going back to trunk so I will never know
  7185 | D:5      | beem: poisonous vapors ~ poisonous vapours[2/2]: Monsters that are in a harmful cloud don't mind walking into additional harmful clouds - so combine with Conjure Flame to encourage that ogre to walk into fire.
  7228 | D:5      | Wingboner: Kek.
  7500 | D:5      | Chiseanne: :)
  8474 | D:7      | Noticed Joseph
  8474 | D:7      | Shot with a sling bullet by Joseph

Skill      XL: |  1  2  3  4  5  6  7  8 |
---------------+-------------------------+-----
Dodging        | 1 2 3 4 |  4.3
Armour         | 1 2 3 4 |  4.4
Spellcasting   | 1 2 3 4 |  4.7
Translocations | 1 2 3 4 |  4.0
Fighting       | 5 |  5.6
Axes           | 1 |  1.0
Long Blades    | 2 |  2.4
Maces & Flails | |  1.0
Throwing       | |  1.0
Stealth        | |  1.0
Necromancy     | |  1.1
Poison Magic   | |  2.0

Action                   |  1- 3 |  4- 6 |  7- 9 || total
-------------------------+-------+-------+-------++-------
Melee: Mace              |   131 |   155 |       ||   286
       Kick              |    11 |    44 |   132 ||   187
       Hand axe          |       |    35 |   191 ||   226
       Falchion          |       |       |   252 ||   252
Throw: Throwing net      |       |       |     1 ||     1
 Cast: Sting             |       |    18 |   193 ||   211
Invok: Potion Petition   |       |       |     1 ||     1
  Use: Scroll            |     9 |     7 |     7 ||    23
       Potion            |     1 |     1 |     5 ||     7
  Eat: Chunk             |       |     8 |     3 ||    11
       Fruit             |       |       |     3 ||     3
       Beef jerky        |       |       |     2 ||     2
       Meat ration       |       |       |     1 ||     1
       Bread ration      |       |       |     1 ||     1
       Pizza             |       |       |     1 ||     1
Armor: Ring mail         |    78 |   116 |   238 ||   432
       Skin              |     6 |     3 |       ||     9
Dodge: Dodged            |    86 |   162 |   343 ||   591
       Rpst.: Falchion   |       |       |    71 ||    71
